 Dungeon Crawl Stone Soup version 0.18-a0-719-gd8378e8 (webtiles) character file.

49 Geeful the Skirmisher (level 4, -3/37 HPs)
             Began as a Human Wanderer on Dec 8, 2015.
             Slain by an adder (5 damage)
             ... on level 2 of the Dungeon.
             The game lasted 00:04:13 (1901 turns).

Geeful the Skirmisher (Human Wanderer)              Turns: 1901, Time: 00:04:13

Health: -3/37      AC:  4    Str: 12    XL:     4   Next: 2%
Magic:  5/5        EV: 11    Int: 13    God:
Gold:   57         SH:  0    Dex: 13    Spells: 0 memorised, 5 levels left

rFire  . . .     SeeInvis .       - Unarmed
rCold  + . .     Clarity  .     n - +2 robe {rC+}
rNeg   + . .     SustAt   .     (no shield)
rPois  .         Gourm    .     (no helmet)
rElec  .         Spirit   .     (no cloak)
rCorr  +         Dismiss  .     (no gloves)
rMut   .         Stasis   .     (no boots)
MR     .....                    a - amulet of resist corrosion
Stlth  ++........               m - ring of positive energy
                                g - ring of invisibility

@: lethally poisoned (-3 -> -14), not resistant to hostile enchantments,
unstealthy
A: no striking features
a: Evoke Invisibility


You were on level 2 of the Dungeon.
You were hungry.

You visited 1 branch of the dungeon, and saw 2 of its levels.

You collected 57 gold pieces.

Inventory:

Armour
 e - a +1 robe
 n - a +2 robe of cold resistance (worn)
Jewellery
 a - an amulet of resist corrosion (around neck)
 g - a ring of invisibility (left hand)
 m - a ring of positive energy (right hand)
Scrolls
 h - a scroll of amnesia
 l - a scroll of teleportation {unknown}
Potions
 b - a potion of heal wounds {unknown}
 d - a potion of lignification
 j - a potion of curing {unknown}
 k - 2 potions of agility {unknown}
Books
 c - Taugeg's Almanac of Dislocation

   Spells                             Type                      Level
   a - Apportation                    Translocation                1
   b - Portal Projectile              Translocation                3
Comestibles
 f - a bread ration
 i - a slice of pizza
 o - a meat ration
 p - 2 chunks of flesh


   Skills:
 - Level 4.0 Fighting
   Level 1.0 Bows
 - Level 1.0 Stealth
 + Level 3.2 Unarmed Combat
 - Level 1.0 Spellcasting
   Level 1.0 Translocations
   Level 1.0 Fire Magic
 - Level 1.0 Evocations


You had 5 spell levels left.
You didn't know any spells.

Dungeon Overview and Level Annotations

Branches:
Dungeon (2/15)

Altars:


Message History

You miss the adder.
The adder is severely wounded.
* * * LOW HITPOINT WARNING * * *
You feel sick. The adder bites you.
* * * LOW HITPOINT WARNING * * *
You are more poisoned.
The adder poisons you! The adder closely misses you.
You miss the adder.
The adder is severely wounded.
* * * LOW HITPOINT WARNING * * *
You feel sick. The adder barely misses you.
You closely miss the adder.
The adder is severely wounded.
* * * LOW HITPOINT WARNING * * *
You feel sick. The adder barely misses you.
You closely miss the adder.
The adder is severely wounded.
* * * LOW HITPOINT WARNING * * *
You feel sick. The adder bites you.
You die...

.#.#######......#
##.# ###.#### #.#
#.# #.### #...#
##.#.#
###....#########
+.......S@.......
####....#########
##.#.# ###S# ...
.... .....# ...


You could see an adder.

Vanquished Creatures
  Jessica (D:2)
  A giant gecko (D:2)
  3 bats (D:1)
  2 goblins
  3 hobgoblins
  2 jackals (D:1)
  A kobold (D:1)
  4 giant cockroaches
  A giant newt (D:1)
  4 rats
22 creatures vanquished.

Notes
Turn   | Place    | Note
--------------------------------------------------------------
     0 | D:1      | Geeful the Human Wanderer began the quest for the Orb.
     0 | D:1      | Geeful set off with: a +2 shortbow, 24 arrows, Taugeg's Almanac of Dislocation, a potion of lignification, a +0 robe, a bread ration
     0 | D:1      | Reached XP level 1. HP: 19/19 MP: 2/2
   294 | D:1      | Identified Taugeg's Almanac of Dislocation
   479 | D:1      | Reached skill level 1 in Unarmed Combat
   570 | D:1      | Reached XP level 2. HP: 15/25 MP: 3/3
  1487 | D:2      | Noticed Jessica
  1507 | D:2      | Killed Jessica
  1507 | D:2      | Reached XP level 3. HP: 9/30 MP: 2/4
  1880 | D:2      | Reached XP level 4. HP: 28/37 MP: 5/5
  1901 | D:2      | Slain by an adder

Vault maps used:
D:1:      dpeg_arrival_simpleton_b
D:2:      lemuel_crystal_altar, uniq_natasha, uniq_jessica

Action                   |  1- 3 |  4- 6 || total
-------------------------+-------+-------++-------
Melee: Unarmed           |   142 |    15 ||   157
 Abil: Evoke Invisibilit |     1 |       ||     1
  Use: Scroll            |     5 |       ||     5
 Stab: Sleeping          |     3 |       ||     3
       Invisible         |     4 |       ||     4
  Eat: Chunk             |     3 |       ||     3
